 BcadrenCrawl: Boulder Brew version 0.06.5-75-g642e6d9924 (webtiles) character file.

Game seed: 14370158004232114063

178 funkygono the Chopper (level 5, -1/69 HPs) Minotaur Fighter. Began on May 10, 2023. Slain by a water moccasin (3 damage) ... on level 2 of the Dungeon. The game lasted 00:01:28 (755 turns).

funkygono the Chopper (Minotaur Fighter)             Turns: 755, Time: 00:01:28

Health: -1/69      AC:  9    Str: 22    XL:     5 ^: 125
Magic:  4/4        EV:  7    Int:  5    God:
Gold:   32         SH:  7    Dex:  9    Spells: 4/4 levels left

rFire    . . .     Slash    .   a - +0 war axe
rCold    . . .     Pierce   .   c - +0 heater shield
rNeg     . . .     Bludgeon .   m - +0 chain mail
rCorr    . . .     Vision   .   (helmet restricted)
rPois    .         Gourm    .   (no cloak)
rElec    .         Faith    .   (no gloves)
MR       .....     Spirit   .   (no boots)
HPRegen  0.73/turn Reflect  .   l - amulet of regeneration
MPRegen  0.14/turn Harm     .   (no ring)
Stlth    ..........             (no ring)

@: lethally poisoned (-1 -> -24)
A: horns, retaliatory headbutt 2, soft flesh
a: no special abilities


You were on level 2 of the Dungeon.
You were not hungry.

You visited 1 branch of the dungeon, and saw 2 of its levels.

You collected 32 gold pieces.

Inventory:

Weapons
 a - a +0 war axe (weapon) Shields
 c - a +0 heater shield (shield)
Armour
 m - a +0 chain mail (worn)
Jewellery
 j - a cursed ring of intelligence {(Curse: MR-)}
 l - an amulet of regeneration (around neck)
Scrolls
 b - a scroll of teleportation
 h - a scroll of fog
Potions
 d - a potion of might
 e - 2 potions of haste
 i - a potion of agility
 k - a potion of brilliance
Comestibles
 f - 3 rations
 g - 3 chunks of flesh


   Skills:
 + Level 4.6 Fighting
 + Level 4.9 Axes & Hammers
 + Level 4.5 Armour
 + Level 0.6 Dodging
 + Level 4.1 Shields


You had 4 spell levels left.
You didn't know any spells.
Your spell library was empty.

Dungeon Overview and Level Annotations

Branches:
Dungeon (2/8)

Altars:


Innate Abilities, Weirdness & Mutations

You reflexively attack those that strike you in melee with your horns.
((Your soft flesh is weak to deep cuts.
Heavy manmade armour will nullify this weakness. (rSlashing-)))


Message History

You hit the cinder newt (3).
It resists.
* * * LOW HITPOINT WARNING * * *
You feel very sick. (4)
The water moccasin bites you (7)!
* * * LOW HITPOINT WARNING * * *
You are more poisoned.
The water moccasin poisons you (14)! You block the water moccasin's attack.
The cinder newt bites you. The cinder newt burns you (3).
* * * LOW HITPOINT WARNING * * *
You hit the water moccasin (5).
It is lacerated severely!
Your headbutt misses the water moccasin.
The water moccasin is severely wounded. (11/29) HP You hit the cinder newt (3).
It resists.
* * * LOW HITPOINT WARNING * * *
You feel very sick. (5)
The water moccasin bites you but does no damage.
The cinder newt bites you. The cinder newt burns you (3).
* * * LOW HITPOINT WARNING * * *
The water moccasin bites you (3).
You die...

≈. ## ...#
.. ≈≈
#..... .##.
.....# ≈#≈
#.≈≈..#
..#..#..≈#
#....?≈..#
##)†l......
##.)@S...#
#≈.=<....#
#≈......≈≈#
###....≈.≈#
#########


You could see a water moccasin and a cinder newt.

Vanquished Creatures
  A big kobold (D:2)
  A jelly (D:2)
  2 giant cockroaches (D:1)
  2 cinder newts
  3 worms (D:1)
  A leopard gecko (D:2)
  An adder skeleton (D:2)
  A hobgoblin (D:1)
  12 kobolds
  3 bats (D:1)
  2 goblins (D:1)
  3 rats (D:1)
  3 toadstoolion (D:1)
35 creatures vanquished.

Vanquished Creatures (others)
  A toadstool (D:1)
1 creature vanquished.

Grand Total: 36 creatures vanquished

Notes
Turn   | Place    | Note
-------+----------+-------------------------------------------
     0 | D:1      | funkygono the Minotaur Fighter began the quest for the Orb.
     0 | D:1      | Reached XP level 1. HP: 29/29 MP: 0/0
    87 | D:1      | Reached XP level 2. HP: 31/39 MP: 1/1
   212 | D:1      | Reached XP level 3. HP: 35/49 MP: 2/2
   649 | D:1      | Reached XP level 4. HP: 59/59 MP: 3/3
   747 | D:2      | Noticed a water moccasin
   751 | D:2      | Reached XP level 5. HP: 37/69 MP: 4/4
   755 | D:2      | HP: 2/69 [cinder newt (3)]
   755 | D:2      | Slain by a water moccasin

Illustrated notes

Levels and vault maps discovered:
D:1:      ldierk_water_garden, layout_basic, cheibrodos_sewer_entry_bend
D:2:      layout_sewer, overflow_temple_1_default, kennysheep_mini,
          sewer_guarded_exit, hangedman_decor_lopped, minmay_tromino_v4_a

Skill      XL: |  1  2  3  4 |
---------------+-------------+-----
Fighting       | 4 |  4.6
Axes & Hammers | 3 4 |  4.9
Armour         | 4 |  4.5
Shields        | 4 |  4.1
Dodging        | |  0.6

Action                   |  1- 3 |  4- 6 || total
-------------------------+-------+-------++-------
Melee: War axe           |    35 |    17 ||    52
       Headbutt          |     4 |     4 ||     8
Armor: Scale mail        |    18 |       ||    18
       Chain mail        |     3 |    17 ||    20
Dodge: Dodged            |     6 |    10 ||    16
Block: Heater shield     |    17 |    11 ||    28
